 Dungeon Crawl Stone Soup version 0.31-a0-1029-ge8c24b2130 (webtiles) character file.

Game seed: 14722680561907190841

79 Turgor the Conjurer (level 4, 0/30 HPs)
             Began as a Demonspawn Conjurer on Nov 18, 2023.
             Was an Initiate of Gozag.
             Killed from afar by Ijyb (15 damage)
             ... with a bolt of light
             ... on level 3 of the Dungeon.
             The game lasted 00:12:39 (2646 turns).

Turgor the Conjurer (Demonspawn Conjurer)           Turns: 2646, Time: 00:12:39

Health: 0/30       AC:  2    Str:  9    XL:     4   Next: 16%
Magic:  1/8        EV: 12    Int: 19    God:    Gozag
Gold:   87         SH:  0    Dex: 12    Spells: 6/9 levels left

rFire   . . .        (no weapon)
rCold   . . .        (no shield)
rNeg    . . .        a - +0 robe
rPois   .            (no helmet)
rElec   .            (no cloak)
rCorr   .            (no gloves)
SInv    .            (no boots)
Will    .....        (no amulet)
Stlth   +            (no ring)
HPRegen 0.25/turn    (no ring)
MPRegen 0.11/turn

%: no passive effects
@: confused, gold aura
A: hooves 1, demonic guardian 1
a: Renounce Religion, Potion Petition, Call Merchant, Bribe Branch


You were on level 3 of the Dungeon.
You worshipped Gozag.
Gozag was noncommittal.
You visited 1 branch of the dungeon, and saw 3 of its levels.

You collected 136 gold pieces.
You spent 49 gold pieces at shops.

Inventory:

Missiles
 d - 4 darts of dispersal
Armour
 a - a +0 robe (worn)
Scrolls
 c - 4 scrolls of identify {unknown}
 g - a scroll of enchant weapon {unknown}
Potions
 b - a potion of magic
 e - 2 potions of lignification {unknown}
 f - a potion of attraction {unknown}
 h - a potion of resistance {unknown}
 i - 2 potions of haste {unknown}


   Skills:
 - Level 2.0 Dodging
 - Level 2.0 Stealth
 + Level 3.1 Spellcasting
 + Level 4.8 Conjurations


You had 6 spell levels left.
You knew the following spells:

 Your Spells              Type           Power      Damage    Failure   Level
a - Magic Dart            Conj           84%        1d7       1%          1
b - Searing Ray           Conj           42%        2d6       3%          2

Your spell library contained the following spells:

 Spells                   Type           Power      Damage    Failure   Level
 Dazzling Flash           Conj/Hex       24%        N/A       17%         3
 Fulminant Prism          Conj/Hex       6%         3d7       50%         4
 Iskenderun's Mystic Bla  Conj/Tloc      12%        2d5       50%         4


Dungeon Overview and Level Annotations

Branches:
Dungeon (3/15)

Altars:
Gozag

Shops:
D:1 ((*

Annotations:
D:3 Ijyb


Innate Abilities, Weirdness & Mutations

You have large cloven feet.
A weak demonic guardian rushes to your aid.


Message History

Press: ? - help, Shift-Dir - straight line, f - adder
Aim: an adder (63% to hit)
Okay, then.
Unknown command.
Casting: Searing Ray (safe; 3% risk of failure)
Confirm with . or Enter, or press ? or * to list all spells.
Aiming: Searing Ray (safe; 3% risk of failure)
Press: ? - help, Shift-Dir - straight line, f - adder
Aim: an adder (63% to hit)
The searing ray hits the adder.
The adder is heavily wounded. (Press . to maintain the ray.)
The searing ray hits the adder.
You kill the adder!
The searing ray hits Ijyb.
Ijyb is moderately wounded.
The bat hits you but does no damage.
The searing ray hits the bat!
You kill the bat!
The searing ray hits Ijyb!
Ijyb is heavily wounded.
Ijyb zaps a wand.
The bolt of light hits you!
Ouch! That really hurt!
A demonic guardian appears!
The searing ray hits Ijyb.
Ijyb is severely wounded.
You finish channelling your searing ray.
Casting: Searing Ray (safe; 3% risk of failure)
Confirm with . or Enter, or press ? or * to list all spells.
Aiming: Searing Ray (safe; 3% risk of failure)
Press: ? - help, Shift-Dir - straight line, f - Ijyb
Aim: Ijyb, wielding a +0 club, wearing a +0 leather armour and carrying a wand of light (severely wounded, ally target, 72% to hit)
The searing ray hits Ijyb.
Ijyb is almost dead. (Press . to maintain the ray.) Ijyb zaps a wand.
The bolt of light hits you!
You are confused.
Ouch! That really hurt!
You die...
Your body crumbles into a pile of gold.

....... ###
....... #.#
....... #.#
....... #####.#
.....<.
#.....#####$......
#.........g.....$.
#........$######..
#.......@.#
#........5#
#....)....#
#.........#
####......#
#.<....# ########


You could see Ijyb (ally target) and a friendly iron imp (summoned).

Vanquished Creatures
  3 adders
  2 worms
  A dart slug (D:1)
  An orc (D:3)
  2 ball pythons (D:1)
  5 endoplasms (D:1)
  3 giant cockroaches (D:1)
  5 goblins
  6 hobgoblins
  A quokka (D:2)
  4 bats
  2 frilled lizards
  A kobold (D:2)
  6 rats
42 creatures vanquished.

Notes
Turn   | Place    | Note
-------+----------+-------------------------------------------
     0 | D:1      | Turgor the Demonspawn Conjurer began the quest for the Orb.
     0 | D:1      | Reached XP level 1. HP: 13/13 MP: 3/3
   154 | D:1      | Found Heshur's Antique Weapon Shoppe.
   390 | D:1      | Gained mutation: You have large cloven feet. [demonic
                  | ancestry]
   390 | D:1      | Reached XP level 2. HP: 19/19 MP: 0/5
   671 | D:1      | Found Calul's Assorted Antiques.
   681 | D:1      | Learned a level 2 spell: Searing Ray
   961 | D:1      | Found Titwi's Weapon Boutique.
  1061 | D:1      | Reached XP level 3. HP: 24/24 MP: 4/6
  1558 | D:2      | Found a faded altar of an unknown god.
  1632 | D:2      | Prayed at the altar of an unknown god.
  1632 | D:2      | Became a worshipper of Gozag Ym Sagoz the Greedy
  2546 | D:1      | Bought a scroll labelled COYCSEEMOU for 26 gold pieces
  2546 | D:1      | Bought a cyan potion for 23 gold pieces
  2599 | D:3      | Gained mutation: A weak demonic guardian rushes to your
                  | aid. [demonic ancestry]
  2599 | D:3      | Reached XP level 4. HP: 30/30 MP: 5/8
  2639 | D:3      | Noticed Ijyb
  2646 | D:3      | Killed from afar by Ijyb

Illustrated notes

Levels and vault maps discovered:
D:1:      heliophobic_arrival_battle_scene, layout_basic, serial_shops, shop,
          nicolae_shop_tiny_statue_garden, nicolae_lakefront_shop
D:2:      layout_basic, shapermc_ecumenical_altar_flowoftime
D:3:      layout_basic, hellmonk_overflow_destroyed_library, st_stairs_2,
          uniq_terence, uniq_ijyb

Skill      XL: |  1  2  3 |
---------------+----------+-----
Stealth        | 2 |  2.0
Dodging        | 2 |  2.0
Spellcasting   | 3 |  3.1
Conjurations   | |  4.8

Action                     |  1- 3 |  4- 6 || total
---------------------------+-------+-------++-------
  Melee: Unarmed           |    12 |       ||    12
         Kick              |     2 |       ||     2
   Cast: Magic Dart        |    85 |       ||    85
         Searing Ray       |     5 |     2 ||     7
 Armour: Robe              |    11 |     3 ||    14
  Dodge: Dodged            |    10 |       ||    10

Table legend: (Time is in decaauts)
 A = Elapsed time spent in this place.
 B = Non-inter-level travel time spent in this place.
 C = Inter-level travel time spent in this place.
 D = Time resting spent in this place.
 E = Time spent auto-exploring this place.
 F = Levels seen in this place.
 G = Mean time per level.
                   A        B        C        D        E       F      G
               +--------+--------+--------+--------+--------+-----+--------+
         Total |   2647 |   2517 |    130 |    340 |   1713 |   3 |  882.3 |
       Dungeon |   2647 |   2517 |    130 |    340 |   1713 |   3 |  882.3 |
               +--------+--------+--------+--------+--------+-----+--------+

Top non-repeatable levels by time:
     D:1: 1491 daAuts
     D:2: 1106 daAuts
     D:3: 49 daAuts
